 Dungeon Crawl Stone Soup version 0.29.1-13-g9f3cf754e1 (webtiles) character file.

Game seed: 4909087030671840575

608 hbarley the Chopper (level 7, -1/61 HPs)
             Began as a Hill Orc Fighter on Jan 31, 2023.
             Slain by a yak (12 damage)
             ... on level 6 of the Dungeon.
             The game lasted 00:08:41 (3630 turns).

hbarley the Chopper (Hill Orc Fighter)              Turns: 3630, Time: 00:08:43

Health: -1/61      AC:  9    Str: 25    XL:     7   Next: 43%
Magic:  7/7        EV: 14    Int:  8    God:
Gold:   247        SH:  5    Dex: 12    Spells: 6/6 levels left

rFire   . . .      SeeInvis .   a - +0 war axe
rCold   . . .      Faith    .   c - +0 buckler
rNeg    . . .      Spirit   .   b - +0 scale mail
rPois   .          Reflect  .   g - +0 helmet
rElec   .          Harm     .   r - +0 cloak
rCorr   .          Rampage  .   (no gloves)
Will    .....                   (no boots)
Stlth   ..........              (no amulet)
HPRegen 0.20/turn               f - +4 ring of evasion
MPRegen 0.10/turn               n - +6 ring of strength

@: no status effects
A: no striking features
a: no special abilities


You were on level 6 of the Dungeon.
You visited 1 branch of the dungeon, and saw 6 of its levels.

You collected 247 gold pieces.

Inventory:

Hand Weapons
 a - a +0 war axe (weapon)
Armour
 b - a +0 scale mail (worn)
 c - a +0 buckler (worn)
 g - a +0 helmet (worn)
 r - a +0 cloak (worn)
 A - a scarf of shadows
Jewellery
 f - a +4 ring of evasion (left hand)
 n - a +6 ring of strength (right hand)
Scrolls
 e - 2 scrolls of butterflies {unknown}
 h - 3 scrolls of immolation {unknown}
 j - a scroll of enchant armour {unknown}
 k - 2 scrolls of magic mapping {unknown}
 l - a scroll of enchant weapon {unknown}
 p - 4 scrolls of identify {unknown}
 q - a scroll of summoning {unknown}
 t - 3 scrolls of blinking {unknown}
 u - 2 scrolls of vulnerability {unknown}
 v - a scroll of fear {unknown}
 y - a scroll of teleportation {unknown}
 z - a scroll of amnesia {unknown}
 B - a scroll of noise {unknown}
Potions
 d - 2 potions of might
 i - a potion of cancellation {unknown}
 m - 2 potions of brilliance
 o - a potion of ambrosia {unknown}
 s - 3 potions of curing {unknown}
 w - 2 potions of degeneration {unknown}
 x - a potion of haste {unknown}


   Skills:
 + Level 5.0 Fighting
 + Level 7.4 Axes
 + Level 5.0 Armour
 + Level 1.1 Dodging
 + Level 0.5 Stealth
 + Level 4.4 Shields


You had 6 spell levels left.
You didn't know any spells.
Your spell library contained the following spells:

 Spells                   Type           Power      Damage    Failure   Level
 Static Discharge         Conj/Air       0%         3-3/arc   88%         2
 Dispel Undead            Necr           0%         3d6       100%        4
 Sticky Flame             Conj/Fire      0%         2d3       100%        4


Dungeon Overview and Level Annotations

Branches:
Dungeon (6/15)
 Temple: D:4-7

Altars:

Shops:
D:2 [

Annotations:
D:4 2 runed translucent doors, Crazy Yiuf; SirLogeyBear's ghost, weakling HOBe


Message History

The orc wizard is heavily wounded.
The orc wizard hits you but does no damage.
You barely miss the orc wizard.
The orc wizard is heavily wounded.
The orc wizard barely misses you.
You slash the orc wizard!
You kill the orc wizard!
Your Fighting skill increases to level 5!
A yak comes into view.
The yak bellows! x2
There is an escape hatch in the floor here.
The yak misses you. The yak gores you.
There is an escape hatch in the floor here.
The yak closely misses you. x2
You slide downwards.
The hatch slams shut behind you.
You hit the yak.
The yak is lightly wounded.
You slash the yak! The yak gores you! The yak closely misses you.
You barely miss the yak.
The yak is lightly wounded.
You slash the yak! The yak gores you. The yak barely misses you.
You slash the yak!
The yak is moderately wounded.
You slash the yak! The yak barely misses you. x2
You barely miss the yak.
The yak is moderately wounded.
You hit the yak. The yak misses you. You block the yak's attack.
You slash the yak!
The yak is heavily wounded.
You hit the yak but do no damage. The yak gores you!
The yak gores you but does no damage.
You hit the yak.
The yak is heavily wounded.
You slash the yak!
You kill the yak!
The yak gores you!
* * * LOW HITPOINT WARNING * * *
The yak gores you!
You die...

. .. ...
.... .....
......####.#
#.....@Y..#
.....#######
###


You could see a yak.

Vanquished Creatures
  A yak (D:6)
  A water moccasin (D:5)
  A black bear (D:4)
  A phantom (D:4)
  A hound (D:4)
  2 iguanas
  3 orc wizards
  3 gnolls (D:2)
  5 adders
  3 ufetubi (D:4)
  A worm (D:3)
  2 dart slugs
  4 orcs
  9 endoplasms
  2 giant cockroaches
  4 goblins (D:1)
  6 hobgoblins
  4 jackals (D:2)
  8 kobolds
  4 quokkas
  10 ball pythons
  3 bats
  3 frilled lizards (D:1)
  9 rats
90 creatures vanquished.

Notes
Turn   | Place    | Note
-------+----------+-------------------------------------------
     0 | D:1      | hbarley the Hill Orc Fighter began the quest for the Orb.
     0 | D:1      | Reached XP level 1. HP: 19/19 MP: 1/1
   164 | D:1      | Reached XP level 2. HP: 27/27 MP: 2/2
   402 | D:1      | Reached skill level 3 in Axes
   480 | D:1      | Reached XP level 3. HP: 28/33 MP: 3/3
   975 | D:2      | Found a faded altar of an unknown god.
   983 | D:2      | Reached skill level 4 in Axes
  1021 | D:2      | Reached XP level 4. HP: 34/40 MP: 4/4
  1527 | D:2      | Found Umucisk's Antique Armour Shop.
  1627 | D:2      | Reached skill level 5 in Axes
  1627 | D:2      | Reached XP level 5. HP: 46/46 MP: 5/5
  2792 | D:4      | Reached XP level 6. HP: 48/53 MP: 6/6
  2797 | D:4      | Reached skill level 6 in Axes
  3175 | D:4      | Found a runed translucent door.
  3185 | D:4      | Noticed SirLogeyBear's ghost (weakling HOBe)
  3194 | D:4      | Noticed a black bear
  3211 | D:4      | Killed a black bear
  3212 | D:4      | Reached skill level 1 in Dodging
  3212 | D:4      | Reached XP level 7. HP: 50/60 MP: 7/7
  3465 | D:4      | Found a runed translucent door.
  3466 | D:4      | Noticed Crazy Yiuf
  3492 | D:5      | Entered Level 5 of the Dungeon
  3567 | D:5      | Reached skill level 7 in Axes
  3567 | D:5      | Noticed a yak
  3567 | D:5      | Noticed a yak
  3611 | D:5      | Reached skill level 5 in Armour
  3616 | D:5      | Reached skill level 5 in Fighting
  3617 | D:5      | Noticed a yak
  3630 | D:6      | Killed a yak
  3630 | D:6      | Slain by a yak

Illustrated notes

Levels and vault maps discovered:
D:1:      minmay_arrival_diagonal_passages, layout_basic, minmay_split_cup_small
D:2:      layout_basic, serial_shops, nicolae_diamond_shop,
          shapermc_ecumenical_altar_mp_highgroup, nicolae_underground_beach
D:3:      layout_loops_ring
D:4:      layout_loops_ring, ebering_ghost_reflecting_pool,
          uniq_crazy_yiuf_cottage
D:5:      cheibrodos_two_vegetables, layout_basic, serial_shops,
          nicolae_stop_n_shop_2, uniq_edmund
D:6:      layout_basic, minmay_temple_entry_mist, minmay_checkerbox

Skill      XL: |  1  2  3  4  5  6  7 |
---------------+----------------------+-----
Fighting       | 4 5 |  5.0
Axes           | 3 4 5 6 7 |  7.4
Armour         | 4 5 |  5.0
Shields        | 4 |  4.4
Dodging        | 1 |  1.1
Stealth        | |  0.5

Action                   |  1- 3 |  4- 6 |  7- 9 || total
-------------------------+-------+-------+-------++-------
Melee: War axe           |    85 |   148 |    24 ||   257
  Use: Potion            |       |     1 |       ||     1
Armor: Scale mail        |    36 |    71 |     6 ||   113
Dodge: Dodged            |    45 |   148 |    18 ||   211
Block: Buckler           |    21 |    47 |    10 ||    78
